 Dungeon Crawl Stone Soup version 0.19-a0-172-g3b1235c (webtiles) character file.

67 Lugonue the Sneak (level 3, -8/18 HPs)
             Began as a Spriggan Warper on May 22, 2016.
             Mangled by a gnoll
             ... wielding a +0 halberd
              (12 damage)
             ... on level 2 of the Dungeon.
             The game lasted 00:04:50 (1710 turns).

Lugonue the Sneak (Spriggan Warper)                 Turns: 1710, Time: 00:04:51

Health: -8/18      AC:  3    Str:  7    XL:     3   Next: 98%
Magic:  6/8        EV: 18    Int: 15    God:
Gold:   108        SH:  0    Dex: 15    Spells: 2 memorised, 4 levels left

rFire  . . .     SeeInvis +     g - +1 dagger (freeze)
rCold  . . .     Gourm    .     b - +0 robe
rNeg   . . .     Faith    .     (shield restricted)
rPois  .         Spirit   .     (helmet restricted)
rElec  .         Dismiss  .     j - +0 cloak
rCorr  .         Reflect  .     (gloves unavailable)
SustAt .         Harm     .     (boots unavailable)
MR     .....                    (no amulet)
Stlth  +++.......               (no ring)
                                (no ring)

@: shrouded (expiring), very quick, not resistant to hostile enchantments,
fairly stealthy
A: unfitting armour, see invisible, herbivore 3, speed 3, slow metabolism 2
a: no special abilities


You were on level 2 of the Dungeon.
You were not hungry.

You visited 1 branch of the dungeon, and saw 2 of its levels.

You collected 108 gold pieces.

Inventory:

Hand Weapons
 a - a +0 short sword
 g - a +1 dagger of freezing (weapon)
Missiles
 e - 5 tomahawks of dispersal (quivered)
Armour
 b - a +0 robe (worn)
 j - a +0 cloak (worn)
Potions
 i - a potion of flight
Books
 c - a book of Spatial Translocations

   Spells                             Type                      Level
   a - Apportation                    Translocation                1
   b - Blink                          Translocation                2
   c - Shroud of Golubria             Charms/Translocation         2
   d - Portal Projectile              Translocation                3
   e - Teleport Other                 Translocation                3
   f - Passage of Golubria            Translocation                4
Comestibles
 f - 2 bread rations


   Skills:
 - Level 1.5 Fighting
 - Level 2.1 Short Blades
 - Level 1.0 Throwing
 - Level 3.5 Dodging
 + Level 5.5 Stealth
 - Level 2.6 Spellcasting
 - Level 4.7 Translocations


You had 4 spell levels left.
You knew the following spells:

 Your Spells              Type           Power        Failure   Level  Hunger
a - Apportation           Tloc           ###.......   3%          1    #......
b - Shroud of Golubria    Chrm/Tloc      #.........   12%         2    ##.....


Dungeon Overview and Level Annotations

Branches:
Dungeon (2/15)

Altars:

Annotations:
D:2 Robin


Innate Abilities, Weirdness & Mutations

You are tiny and cannot use many weapons and most armour.
You have supernaturally acute eyesight.
You are a herbivore.
You cover ground extremely quickly.
You need consume almost no food.


Message History

You closely miss the gnoll.
The gnoll is heavily wounded.
The gnoll misses you.
You closely miss the gnoll.
The gnoll is heavily wounded.
The gnoll misses you.
You barely miss the gnoll.
The gnoll is heavily wounded.
Your shroud begins to fray at the edges.
The gnoll completely misses you.
You closely miss the gnoll.
The gnoll is heavily wounded.
You barely miss the gnoll.
The gnoll is heavily wounded.
The gnoll closely misses you.
You hit the gnoll but do no damage.
The gnoll is heavily wounded.
The gnoll hits you with a halberd!
Ouch! That really hurt!
You die...

#....#.# #.## ...#.#.#
#.#
#####.#.#############.#
......................#
#####.#.###############
...#.# ### #)# #g# #@#
#.# #.# #.# #.# #.# ###


You could see a gnoll.

Vanquished Creatures
  2 gnolls (D:2)
  2 adders (D:2)
  A worm (D:2)
  A dart slug (D:2)
  2 giant geckos (D:1)
  An orc (D:2)
  3 goblins
  5 hobgoblins
  A kobold (D:2)
  A ball python (D:2)
  A bat (D:2)
  2 rats (D:1)
22 creatures vanquished.

Notes
Turn   | Place    | Note
--------------------------------------------------------------
     0 | D:1      | Lugonue the Spriggan Warper began the quest for the Orb.
     0 | D:1      | Reached XP level 1. HP: 10/10 MP: 5/5
   111 | D:1      | Reached skill level 1 in Stealth
   122 | D:1      | Reached skill level 2 in Stealth
   307 | D:1      | Reached XP level 2. HP: 8/14 MP: 6/6
   542 | D:1      | Reached skill level 3 in Stealth
   549 | D:1      | Learned a level 2 spell: Shroud of Golubria
   783 | D:2      | Noticed Robin
  1274 | D:2      | Reached skill level 4 in Stealth
  1274 | D:2      | Reached XP level 3. HP: 12/18 MP: 5/8
  1668 | D:2      | Reached skill level 5 in Stealth
  1710 | D:2      | Mangled by a gnoll

Vault maps used:
D:1:      dpeg_arrival_solitude
D:2:      first_bread, uniq_robin

Skill      XL: |  1  2  3 |
---------------+----------+-----
Stealth        | 2 4 5 |  5.5
Fighting       | |  1.5
Short Blades   | |  2.1
Throwing       | |  1.0
Dodging        | |  3.5
Spellcasting   | |  2.6
Translocations | |  4.7

Action                   || total
-------------------------++-------
Melee: Dagger            ||   128
       Short sword       ||     9
 Cast: Shroud of Golubri ||    12
       Apportation       ||     1
  Use: Scroll            ||     4
       Potion            ||     1
 Stab: Sleeping          ||     6
Armor: Robe              ||     9
Dodge: Dodged            ||   113
